[Event "Early-Titled-Tuesday-Blitz-February-13-2024"]
[Site "Chess.com"]
[Date "2024.02.13"]
[Round "3"]
[White "Gennady_Kozlov"]
[Black "Alex_Terzi"]
[Result "0-1"]
[WhiteElo "2655"]
[BlackElo "2498"]
[TimeControl "180+1"]
[EndTime "8:31:34 PST"]
[Termination "Alex_Terzi won by resignation"]

1. b3 e5 2. Bb2 Nc6 3. e3 Nf6 4.
Bb5 Bd6 5. Ne2 Qe7 6. d4 a6 7. Bxc6 dxc6 8. c4 c5 9. dxe5 Bxe5 10. Bxe5 Qxe5 11. Nbc3 O-O 12. h3 Bf5 13. O-O Rad8 14. Qc1 Rd7 15. Ng3 Bd3 16. f4 Qe6 17. Re1 Ne4 18.
Ncxe4 Bxe4 19. Qb2 Rfd8 20. Re2 f5 21. Rae1 g6 22.
Kh2 c6 23. Nf1 Rd3 24. Nd2 R8d6 25. Nf3 Bxf3 26. gxf3 Qd7 27. e4 fxe4 28. Qe5 Rxf3 29. Rg2 Rxh3+ 30. Kg1 Rd1 31. Qxe4 Rxe1+ 32. Qxe1 Qd4+ 33.
Rf2 Re3 34. Qa5 Rf3 35. Qe1 Kf7 36. Kg2 Rxf2+ 37. Qxf2 Qxf2+ 38. Kxf2 Kf6 39. Kg3 Kf5 40. Kf3 h6 0-1

[Event "Early-Titled-Tuesday-Blitz-February-13-2024"]
[Site "Chess.com"]
[Date "2024.02.13"]
[Round "3"]
[White "Practical-Play"]
[Black "Barbix1"]
[Result "1-0"]
[WhiteElo "2584"]
[BlackElo "2309"]
[TimeControl "180+1"]
[EndTime "8:31:34 PST"]
[Termination "Practical-Play won by resignation"]

1. f4 d5 2. Nf3 Nf6 3. e3 Bf5 4.
b3 e6 5. Bb2 h6 6. Be2 c5 7. O-O Bd6 8. d3 Bh7 9. Ne5 O-O 10. Nd2 Qc7 11. Qe1 Nfd7 12. Ng4 e5 13. Qg3 Nc6 14. fxe5 Ndxe5 15. Nxh6+ Kh8 16. Nf5 f6 17. Nxd6 Qxd6 18. Rf4 Ng6 19. Rg4 Qxg3 20. Rxg3 Nge5 21.
Rf1 Rae8 22. Rh3 Kg8 23. a3 Bf5 24. Rxf5 1-0

[Event "Early-Titled-Tuesday-Blitz-February-13-2024"]
[Site "Chess.com"]
[Date "2024.02.13"]
[Round "3"]
[White "MVM2008"]
[Black "rachidhuilda"]
[Result "1-0"]
[WhiteElo "2471"]
[BlackElo "2315"]
[TimeControl "180+1"]
[EndTime "8:31:35 PST"]
[Termination "MVM2008 won by resignation"]

1. e4 d5 2. exd5 Qxd5 3. Nc3 Qa5 4. Nf3 c6 5. b4 Qxb4 6. Rb1 Qd6 7. d4 Nf6 8. Bc4 b5 9. Bb3 a5 10. a3 Bg4 11. h3 Bh5 12. g4 Bg6 13. Ne5 Nbd7 14. Bf4 Nxe5 15. Bxe5 Qd7 16. Qf3 e6 17. h4 b4 18. h5 Bxc2 19. Bxc2 bxc3 20. h6 Qd5 21. Qxd5 exd5 22. hxg7 Bxg7 23. g5 Nh5 24. Rxh5 Bxe5 25. dxe5 O-O-O 26. Rh6 d4 27. Rxc6+ Kd7 28. Rd6+ Kc7 29.
Rbb6 Rxd6 30. Rxd6 Rd8 31. Rxd8 Kxd8 32. Bxh7 Kd7 33.
Bd3 Ke6 34. f4 Kd5 35. Kd1 Kc5 36. Kc2 Kd5 37. a4 Ke6 38. Be4 Ke7 39. Kd3 Ke6 40.
Kxd4 1-0

[Event "Early-Titled-Tuesday-Blitz-February-13-2024"]
[Site "Chess.com"]
[Date "2024.02.13"]
[Round "3"]
[White "ural58"]
[Black "ansko1999"]
[Result "1-0"]
[WhiteElo "2506"]
[BlackElo "2678"]
[TimeControl "180+1"]
[EndTime "8:31:36 PST"]
[Termination "ural58 won on time"]

1. e4 d6 2. d4 Nf6 3. Nc3 c6 4. f4 Qa5 5. Qd2 e5 6. Nf3 Nbd7 7. a3 Be7 8. b4 Qc7 9. Bb2 O-O 10. Bd3 Re8 11. O-O Bf8 12. Rae1 a5 13. b5 exd4 14. Nxd4 Nc5 15. a4 Bd7 16. h3 Rad8 17. Qf2 Nxd3 18. cxd3 Bc8 19. g4 Nd7 20. Nf5 Nc5 21. Qg3 g6 22. d4 Ne6 23. d5 Nc5 24. dxc6 bxc6 25. bxc6 Be6 26. Nd5 Bxd5 27. exd5 Nxa4 28. Ba1 Nb6 29.
Qc3 Re5 30. fxe5 Nxd5 31. Qf3 dxe5 32. Bxe5 Qa7+ 33. Kh1 gxf5 34. Qxf5 h6 35. c7 1-0

[Event "Early-Titled-Tuesday-Blitz-February-13-2024"]
[Site "Chess.com"]
[Date "2024.02.13"]
[Round "3"]
[White "VitaliyBernadskiy"]
[Black "ATM622"]
[Result "0-1"]
[WhiteElo "2872"]
[BlackElo "2451"]
[TimeControl "180+1"]
[EndTime "8:31:36 PST"]
[Termination "ATM622 won by resignation"]

1. d4 Nf6 2. Nd2 d5 3. Ndf3 Bf5 4. Bf4 e6 5. e3 Bd6 6. Bd3 Bxd3 7. Qxd3 O-O 8. Ne5 c5 9. c3 Qc7 10. Ngf3 Nbd7 11. h4 Ne4 12. Rd1 c4 13. Qc2 f6 14.
Nxd7 Qxd7 15. h5 Bxf4 16. exf4 b5 17. Nd2 f5 18. Nf3 h6 19. Ne5 Qc7 20. f3 Nf6 21. Kf2 a5 22. Rde1 b4 23. Qa4 bxc3 24. bxc3 Rfb8 25. Re2 Rb6 26. Rh4 Qb7 27. g4 fxg4 28.
Nxg4 Nxg4+ 29. Rxg4 Qf7 30. Kg3 Rb1 31. Qc6 Re8 32. f5 Qxh5 33. fxe6 Rh1 34. Rg2 Rf8 35. Kf2 Qf5 36. Rxg7+ Kh8 37. Rf7 Qc2+ 38. Kg3 Rg8+ 39. Kf4 Rh4+ 40. Rg4 Rhxg4+ 41. fxg4 Qe4+ 42. Kg3 Rxg4+ 0-1

[Event "Early-Titled-Tuesday-Blitz-February-13-2024"]
[Site "Chess.com"]
[Date "2024.02.13"]
[Round "3"]
[White "cycygogne"]
[Black "ChainedDowntohell"]
[Result "0-1"]
[WhiteElo "2265"]
[BlackElo "2534"]
[TimeControl "180+1"]
[EndTime "8:31:37 PST"]
[Termination "ChainedDowntohell won by checkmate"]

1. Nf3 b6 2. b3 Bb7 3. Bb2 c5 4. e3 e6 5. Be2 Nf6 6. O-O g6 7. c4 Bg7 8. d3 O-O 9. Nbd2 d5 10. Ne5 Nc6 11. f4 Qc7 12. Ndf3 Rad8 13. Qe1 Nb4 14. Qh4 Nc2 15. Ng5 h6 16. Ngf3 Nxe3 17. g4 Nxf1 18.
Rxf1 d4 19. Bc1 Nd7 20. g5 h5 21.
Qh3 Nxe5 22. Nxe5 Bxe5 23. fxe5 Qxe5 24. Bd1 f6 25. Bxh5 gxh5 26. Qxh5 fxg5 27. Bxg5 Rxf1+ 28. Kxf1 Rf8+ 29. Kg1 Qe1# 0-1

[Event "Early-Titled-Tuesday-Blitz-February-13-2024"]
[Site "Chess.com"]
[Date "2024.02.13"]
[Round "3"]
[White "campochess"]
[Black "NovakRatko"]
[Result "1-0"]
[WhiteElo "2131"]
[BlackElo "2332"]
[TimeControl "180+1"]
[EndTime "8:31:37 PST"]
[Termination "campochess won on time"]

1. d4 d5 2. Bg5 c5 3. dxc5 f6 4. Bd2 e5 5. b4 a5 6. c3 d4 7. cxd4 exd4 8. Nf3 axb4 9. Bxb4 Nc6 10. Bd2 Bxc5 11. g3 Be6 12. a3 Nge7 13. Bg2 O-O 14. O-O Qd7 15. Re1 Bg4 16. Bf4 Kh8 17. Qc1 b6 18. Nbd2 Ng6 19. Ne4 Nxf4 20. Qxf4 Bxa3 21. Nfd2 Bb4 22. Rxa8 Rxa8 23. Rc1 Rf8 24. Nc4 Bxe2 25. Nxb6 Qd8 26. Rxc6 d3 27. Rc8 Qe7 28. Rxf8+ Qxf8 29. Nd7 Qd8 30. Bh3 Qe7 31. Qb8+ 1-0

[Event "Early-Titled-Tuesday-Blitz-February-13-2024"]
[Site "Chess.com"]
[Date "2024.02.13"]
[Round "3"]
[White "sergeikim"]
[Black "Iball95"]
[Result "0-1"]
[WhiteElo "2621"]
[BlackElo "2898"]
[TimeControl "180+1"]
[EndTime "8:31:38 PST"]
[Termination "Iball95 won by resignation"]

1. d4 d5 2. c4 e6 3. Nc3 c5 4. e3 Nf6 5. Nf3 Nc6 6. a3 Ne4 7. Bd3 Nxc3 8. bxc3 Be7 9. O-O dxc4 10. Bxc4 O-O 11. e4 Qc7 12. Bd3 Rd8 13. Bb2 b6 14.
Qe2 Bb7 15. Rac1 Rac8 16. Rfd1 h6 17. e5 Na5 18. Bc2 c4 19. Nd2 Bd5 20. Rf1 b5 21. f4 g6 22. Ne4 Nb3 23. Rce1 a5 24. Qg4 Bxe4 25. Bxe4 h5 26. Qg3 Nd2 27. f5 Nxf1 28. Rxf1 exf5 29. Bxf5 Bf8 30. Bxc8 Qxc8 31. Bc1 b4 32. axb4 axb4 33. cxb4 Rxd4 34. Qf2 Rd7 35. e6 fxe6 36. Qf6 Kh7 37. Qxe6 Bg7 38. Bb2 Bxb2 39. Rf7+ Rxf7 40. Qxf7+ Kh6 41. h4 Bd4+ 42. Kh1 Qd8 43.
Qf4+ Kg7 44. b5 c3 45. b6 Qxb6 0-1

[Event "Early-Titled-Tuesday-Blitz-February-13-2024"]
[Site "Chess.com"]
[Date "2024.02.13"]
[Round "3"]
[White "Crazy_girl99"]
[Black "ExtremeLearner"]
[Result "1-0"]
[WhiteElo "2602"]
[BlackElo "2356"]
[TimeControl "180+1"]
[EndTime "8:31:38 PST"]
[Termination "Crazy_girl99 won by resignation"]

1. e4 c6 2. d4 d5 3. e5 Bf5 4. Nf3 e6 5. Be2 Nd7 6. O-O a5 7. Nbd2 a4 8. c4 h6 9. b3 axb3 10. Nxb3 dxc4 11. Bxc4 Nb6 12. Bd3 Ne7 13. Nc5 Ra7 14. Rb1 Bxd3 15. Qxd3 Nf5 16. Ba3 Be7 17. g4 Rxa3 18. Qxa3 Nxd4 19. Nxd4 Qxd4 20. Rxb6 O-O 21. Rc1 Rd8 22. Rb4 Qd2 23. Qc3 Qe2 24. Re1 Qxa2 25.
Rxb7 Qd5 26. Rxe7 1-0

[Event "Early-Titled-Tuesday-Blitz-February-13-2024"]
[Site "Chess.com"]
[Date "2024.02.13"]
[Round "3"]
[White "eagleclaw07"]
[Black "Hikaru"]
[Result "0-1"]
[WhiteElo "2808"]
[BlackElo "3382"]
[TimeControl "180+1"]
[EndTime "8:31:39 PST"]
[Termination "Hikaru won by resignation"]

1. d4 g6 2. c4 Bg7 3. Nf3 d6 4. Nc3 Nc6 5. d5 Na5 6. e4 c5 7. Bd3 Bg4 8. O-O Nf6 9. h3 Bxf3 10. Qxf3 Nd7 11. Qe2 O-O 12. f4 e6 13. Be3 exd5 14.
cxd5 a6 15. a4 Nb3 16. Rad1 Nd4 17. Qf2 Rb8 18. Ne2 Nxe2+ 19. Qxe2 Re8 20. Kh1 b5 21. axb5 axb5 22. e5 dxe5 23. f5 c4 24. Bb1 e4 25.
d6 Qc8 26. Qf2 Rb7 27. fxg6 fxg6 28. Qf7+ Kh8 29. Qd5 Re5 30. Qd2 Qe8 31. Bd4 e3 32.
Qe2 Re6 33. Bxg7+ Kxg7 34. Rf3 Nf6 35. Re1 Rd7 36. b3 cxb3 37. Qxb5 Rdxd6 38. Qxb3 e2 39. Kh2 Rb6 40. Qc3 Qb8+ 41. g3 Rxb1 42. Rxb1 Qxb1 43. Qc7+ Kh6 44. Qf4+ g5 45. Qf5 0-1

[Event "Early-Titled-Tuesday-Blitz-February-13-2024"]
[Site "Chess.com"]
[Date "2024.02.13"]
[Round "3"]
[White "Rsnr"]
[Black "djano"]
[Result "0-1"]
[WhiteElo "2887"]
[BlackElo "2666"]
[TimeControl "180+1"]
[EndTime "8:31:40 PST"]
[Termination "djano won on time"]

1. Nf3 Nf6 2. c4 e6 3. e3 d5 4. b3 Bd6 5. Bb2 O-O 6. Nc3 c6 7.
Qc2 Nbd7 8. d4 e5 9. cxd5 cxd5 10.
dxe5 Nxe5 11. Be2 Bg4 12. Nd4 Rc8 13. Bxg4 Nfxg4 14. Ke2 Re8 15. h3 Nf6 16. Qf5 Bb4 17.
Rac1 Qa5 18. Na4 Qa6+ 19. Kd1 Qd3+ 20. Qxd3 Nxd3 21. Rxc8 Rxc8 22. Ke2 Ne4 23. Rb1 Ndxf2 24. Nf5 g6 25. Nd4 b5 26. Nxb5 Rc2+ 27. Kf3 Nd3 28. Kg4 Rxg2+ 29. Kf3 Rf2+ 30. Kg4 h5+ 31.
Kh4 Be7+ 0-1

[Event "Early-Titled-Tuesday-Blitz-February-13-2024"]
[Site "Chess.com"]
[Date "2024.02.13"]
[Round "3"]
[White "valorant64"]
[Black "Kirill_Klukin"]
[Result "1-0"]
[WhiteElo "2612"]
[BlackElo "2817"]
[TimeControl "180+1"]
[EndTime "8:31:41 PST"]
[Termination "valorant64 won by resignation"]

1. e4 c5 2. Nf3 Nc6 3. Bb5 g6 4. O-O Bg7 5. Re1 Nf6 6. c3 O-O 7. d4 d5 8. e5 Ne4 9. Nbd2 cxd4 10. cxd4 Bf5 11. Bxc6 bxc6 12. Nh4 Qb6 13. Nxf5 gxf5 14. Nf3 e6 15. Re2 c5 16. Be3 cxd4 17. Nxd4 Qa5 18. Nb3 Qb5 19. f3 Bxe5 20. fxe4 dxe4 21. Qf1 Rfd8 22. Rd2 Qxf1+ 23. Kxf1 Rxd2 24. Nxd2 Bxb2 25. Rb1 Be5 26. g3 Rd8 27. Nc4 Bf6 28. Bxa7 Rd3 29. a4 Rc3 30. Nd6 Be5 31. Nb5 Rc2 32. Bd4 Rxh2 33. Kg1 Bxg3 34. Ra1 f4 35. a5 e3 36. a6 f3 37. Bxe3 f2+ 38. Bxf2 Rxf2 39. a7 1-0

[Event "Early-Titled-Tuesday-Blitz-February-13-2024"]
[Site "Chess.com"]
[Date "2024.02.13"]
[Round "3"]
[White "GasconJR"]
[Black "N_I_Chess"]
[Result "1-0"]
[WhiteElo "2566"]
[BlackElo "2289"]
[TimeControl "180+1"]
[EndTime "8:31:41 PST"]
[Termination "GasconJR won by resignation"]

1. e4 Nf6 2. e5 Nd5 3. d4 d6 4.
c4 Nb6 5. exd6 cxd6 6. Nc3 g6 7. Be3 Bg7 8. Rc1 O-O 9. b3 Bf5 10. g4 Bc8 11. h4 f5 12. gxf5 Bxf5 13. h5 Nc6 14. Qd2 e5 15. Nge2 Qf6 16. Nb5 a6 17. d5 axb5 18. dxc6 Nxc4 19. bxc4 bxc6 20. cxb5 cxb5 21.
Nc3 Be6 22. Bg2 Ra3 23. Nd5 Qf7 24. hxg6 hxg6 25. Rc7 Qf5 26. Ne7+ Kf7 27. Nxf5+ Kf6 1-0

[Event "Early-Titled-Tuesday-Blitz-February-13-2024"]
[Site "Chess.com"]
[Date "2024.02.13"]
[Round "3"]
[White "SkinnyPuppy8"]
[Black "GM4life"]
[Result "0-1"]
[WhiteElo "2244"]
[BlackElo "2554"]
[TimeControl "180+1"]
[EndTime "8:31:41 PST"]
[Termination "GM4life won on time"]

1. e4 e5 2. Nc3 Nf6 3. Bc4 Bb4 4. Nge2 O-O 5. d3 c6 6. Bg5 h6 7. Bxf6 Qxf6 8. O-O d6 9. f4 Be6 10. f5 Bxc4 11.
dxc4 Nd7 12. Qd3 a5 13. Rad1 a4 14. a3 Bc5+ 15. Kh1 Rfe8 16. Ng3 Bd4 17. Nge2 Bc5 18. Ng3 Qg5 19. Qd2 Qh4 20. Qe2 Nf6 21. Rd3 Bd4 22. Nd1 d5 23. c3 dxe4 24. Nxe4 Nxe4 25. cxd4 exd4 26. Rh3 Qxh3 27. gxh3 Ng3+ 28. hxg3 Rxe2 29. Nf2 Rxb2 30. f6 Re8 31. fxg7 Rxf2 32. Rxf2 Re3 33. Rd2 Rxa3 34. Rxd4 Rxg3 35. Kh2 Rc3 36. Rg4 a3 37.
c5 Rxc5 38. Ra4 Rc3 39. h4 Kxg7 40. h5 b5 41. Ra8 b4 42. Kg2 c5 43. Kf2 c4 44. Ke2 Rh3 45. Ra5 a2 46. Kf2 b3 47.
Kg2 b2 48. Kxh3 b1=Q 49. Ra3 a1=Q 50. Rg3+ Kf8 51. Rg2 Qh1+ 52. Kg3 Qc3+ 0-1

[Event "Early-Titled-Tuesday-Blitz-February-13-2024"]
[Site "Chess.com"]
[Date "2024.02.13"]
[Round "3"]
[White "Manukyan_Artak"]
[Black "DAVIDHDZSTS"]
[Result "0-1"]
[WhiteElo "2525"]
[BlackElo "1910"]
[TimeControl "180+1"]
[EndTime "8:31:41 PST"]
[Termination "DAVIDHDZSTS won by resignation"]

1. e4 c5 2. Nf3 e6 3. c3 a6 4.
d4 cxd4 5. cxd4 d5 6. Nc3 Nc6 7. e5 Qb6 8. Bd3 Bd7 9. Bb1 Nge7 10. O-O Rc8 11. Na4 Qa7 12. Nc5 Nxd4 13. Nxd7 Rxc1 14. Qxd4 Rxf1+ 15. Kxf1 Qxd4 16. Nxd4 Kxd7 17. f4 Nc6 18.
Nxc6 bxc6 19. Bd3 Bc5 20. Bxa6 Rb8 21. b3 Bd4 22. Rd1 Be3 23. g3 Ra8 24. Bd3 Rxa2 25. Re1 Bd4 26. Re2 Ra3 27. Bc2 c5 28. Kg2 h6 29. h4 Kc6 30. h5 Kb5 31. Bd1 Kb4 32.
Kf3 c4 33. f5 cxb3 34. Kf4 Ra2 35. fxe6 fxe6 36. Re1 Bc3 37. Rf1 Ra1 38. Be2 b2 0-1

[Event "Early-Titled-Tuesday-Blitz-February-13-2024"]
[Site "Chess.com"]
[Date "2024.02.13"]
[Round "3"]
[White "Witty_Alien"]
[Black "NanMKKhineHlyan"]
[Result "0-1"]
[WhiteElo "2286"]
[BlackElo "1803"]
[TimeControl "180+1"]
[EndTime "8:31:41 PST"]
[Termination "NanMKKhineHlyan won on time"]

1. e4 e5 2. d4 exd4 3. c3 d5 4. e5 dxc3 5. Nf3 Bg4 6. Nxc3 c6 7.
Bd3 Bb4 8. O-O Ne7 9. Bf4 Nd7 10.
Re1 O-O 11. Bxh7+ Kh8 12. Bc2 Bxc3 13. Qd3 f5 14. bxc3 Ng6 15. Bg5 Qe8 16. Rab1 Nc5 17.
Qd4 Ne4 18. Be3 c5 19. Qxd5 Nxc3 20. Qxb7 Nxb1 21. Bxb1 Rb8 22. Qxa7 Bxf3 23. gxf3 Nxe5 24. Kh1 Nxf3 25. Rd1 Qc6 26. Kg2 Nh4+ 27. Kf1 Qh1+ 28. Ke2 Qf3+ 29. Kd2 Rfd8+ 30. Bd3 Rxd3+ 31. Kxd3 Qxd1+ 32. Kc4 Qc2+ 33. Kd5 Qe4+ 34. Kxc5 Rc8+ 35. Kb5 Qc4+ 0-1

[Event "Early-Titled-Tuesday-Blitz-February-13-2024"]
[Site "Chess.com"]
[Date "2024.02.13"]
[Round "3"]
[White "AsaHoffmann"]
[Black "invisible_s0ul"]
[Result "1-0"]
[WhiteElo "2431"]
[BlackElo "2208"]
[TimeControl "180+1"]
[EndTime "8:31:42 PST"]
[Termination "AsaHoffmann won by checkmate"]

1. d4 Nf6 2. Bg5 Ne4 3. Bf4 d5 4. f3 Nf6 5. e4 dxe4 6. Nc3 exf3 7. Nxf3 Bg4 8. h3 Bh5 9. g4 Bg6 10. Ne5 Ne4 11. Bg2 Nxc3 12. bxc3 c6 13. h4 h5 14.
Nxg6 fxg6 15. Qd3 Qa5 16. Qxg6+ Kd8 17. Bd2 hxg4 18. Qxg4 Nd7 19. O-O Qh5 20. Qxh5 Rxh5 21. Bg5 Nf6 22. Rab1 b6 23. Bxc6 Rc8 24. Bf3 Rh8 25.
Rb3 e6 26. Bb7 Rc7 27. Bg2 Be7 28. Re1 Kd7 29. Bh3 Rc6 30. c4 Re8 31. d5 Bc5+ 32. Kg2 Rd6 33. Bxe6+ Rexe6 34. Rxe6 Rxe6 35. dxe6+ Kxe6 36. Bxf6 Kxf6 37. Kf3 g5 38. hxg5+ Kxg5 39. Ke4 Kg4 40. Kd5 a5 41. a4 Kf4 42. Rb5 Ke3 43. Rxc5 bxc5 44. Kxc5 Kd2 45. Kb5 Kxc2 46. c5 Kb3 47. Kxa5 Ka3 48. c6 Ka2 49. Kb4 Ka1 50. c7 Ka2 51. c8=Q Ka1 52. Kb3 Kb1 53. Qc2+ Ka1 54. Qc1# 1-0

[Event "Early-Titled-Tuesday-Blitz-February-13-2024"]
[Site "Chess.com"]
[Date "2024.02.13"]
[Round "3"]
[White "Ryanmito"]
[Black "BeardedNM"]
[Result "1/2-1/2"]
[WhiteElo "2418"]
[BlackElo "2209"]
[TimeControl "180+1"]
[EndTime "8:31:42 PST"]
[Termination "Game drawn by repetition"]

1. d4 e6 2. c4 Nf6 3. Nc3 d5 4. Nf3 dxc4 5. e4 b5 6. e5 Nd5 7. Nxb5 Nb6 8. Be2 Nc6 9. O-O Be7 10. Nc3 O-O 11. Be3 Bb7 12. Rc1 Nb4 13. a3 N4d5 14. Bd2 c5 15. dxc5 Bxc5 16. Ne4 Ne3 17. Bxe3 Bxe3 18.
Nd6 Bxc1 19. Qxc1 Bd5 20. Qf4 f6 21. Rd1 fxe5 22. Qxe5 Qf6 23. Qe3 Rad8 24. Qc5 Qxb2 25. Re1 Bxf3 26. Bxf3 Qd2 27. Rd1 Qc2 28. Re1 Qd2 29.
Rd1 Qc2 30. Re1 Qd2 1/2-1/2

[Event "Early-Titled-Tuesday-Blitz-February-13-2024"]
[Site "Chess.com"]
[Date "2024.02.13"]
[Round "3"]
[White "lluiss"]
[Black "Chernyavsky_A"]
[Result "0-1"]
[WhiteElo "2145"]
[BlackElo "2382"]
[TimeControl "180+1"]
[EndTime "8:31:42 PST"]
[Termination "Chernyavsky_A won by resignation"]

1. e4 c5 2. Nf3 Nc6 3. d4 cxd4 4. Nxd4 g6 5. c4 Bg7 6. Be3 Nf6 7. Nc3 O-O 8. Be2 d6 9. O-O Bd7 10. f3 Nxd4 11. Bxd4 Bc6 12. Qd2 a5 13. Nd5 Bxd5 14.
cxd5 Nd7 15. Bxg7 Kxg7 16. Qd4+ f6 17. Rfc1 Nc5 18. b3 Qb6 19. Rc4 Qa7 20. Rac1 b5 21. R4c2 b4 22. Bb5 Qb8 23. Bc6 Ra7 24. f4 Qc7 25. g3 e5 26. Qe3 exf4 27. Qxf4 Qe7 28. Rd1 Nxe4 29. Re2 f5 30. Bb5 Qf6 31. Rde1 Qd4+ 32.
Qe3 Qxe3+ 33. Rxe3 Nc3 34. Re7+ Rxe7 35. Rxe7+ Rf7 36.
Rxf7+ Kxf7 0-1

[Event "Early-Titled-Tuesday-Blitz-February-13-2024"]
[Site "Chess.com"]
[Date "2024.02.13"]
[Round "3"]
[White "mishanick"]
[Black "mr_gustavo"]
[Result "1-0"]
[WhiteElo "2980"]
[BlackElo "2740"]
[TimeControl "180+1"]
[EndTime "8:31:43 PST"]
[Termination "mishanick won on time"]

1. d4 Nf6 2. c4 g6 3. Nc3 Bg7 4. e4 O-O 5. Bd3 d6 6. Nge2 Nc6 7. O-O e5 8. d5 Nd4 9. Nxd4 exd4 10. Ne2 Nd7 11.
Bc2 a5 12. Nxd4 Re8 13. b3 Nc5 14. f3 f5 15. exf5 gxf5 16. Bb2 Qg5 17. f4 Qg6 18.
Rf3 Kh8 19. Rg3 Qf7 20. Rxg7 Qxg7 21. Rb1 Kg8 22. Nxf5 Qg6 23. Ne7+ Rxe7 24. Bxg6 hxg6 25. Qd4 Rh7 26. Re1 Bf5 27. Re3 Rf8 28. h3 Bd7 29.
Rg3 Bf5 30. Re3 Bd7 31. g4 Rff7 32. a3 Rf8 33. b4 axb4 34. axb4 Na4 35. Ba1 b5 36. c5 dxc5 37. bxc5 Rb8 38. c6 Be8 39. d6 cxd6 40. Qxd6 Ra8 41. Re7 1-0

[Event "Early-Titled-Tuesday-Blitz-February-13-2024"]
[Site "Chess.com"]
[Date "2024.02.13"]
[Round "3"]
[White "Brave_spirit12"]
[Black "regenda"]
[Result "1-0"]
[WhiteElo "2745"]
[BlackElo "2111"]
[TimeControl "180+1"]
[EndTime "8:31:45 PST"]
[Termination "Brave_spirit12 won by resignation"]

1. e4 c5 2. c3 Nf6 3. e5 Nd5 4. d4 cxd4 5. Nf3 e6 6. cxd4 d6 7. Bc4 Be7 8. O-O O-O 9. Qe2 b6 10. Nc3 Nxc3 11. bxc3 Bb7 12. Bf4 dxe5 13. Nxe5 Nd7 14.
Bd3 Rc8 15. c4 Nxe5 16. Bxe5 Bf6 17. Rad1 Qe7 18. Bb1 g6 19. Rfe1 Rfd8 20. h3 Rd7 21. Rd3 Rcd8 22. Red1 Bxe5 23. Qxe5 Qb4 24. c5 bxc5 25.
dxc5 Rxd3 26. Bxd3 Ba6 27. Bc2 Rxd1+ 28. Bxd1 Qb1 29.
Qd6 Be2 30. c6 Bxd1 31. Kh2 Bf3 32. gxf3 Qxa2 33. Kg2 Qa5 34. c7 Qg5+ 35. Kh2 1-0

[Event "Early-Titled-Tuesday-Blitz-February-13-2024"]
[Site "Chess.com"]
[Date "2024.02.13"]
[Round "3"]
[White "ACollins05"]
[Black "Felix-Rose"]
[Result "1-0"]
[WhiteElo "2458"]
[BlackElo "2225"]
[TimeControl "180+1"]
[EndTime "8:31:45 PST"]
[Termination "ACollins05 won on time"]

1. e4 e5 2. Nf3 Nc6 3. Bb5 a6 4. Ba4 Nf6 5. O-O b5 6. Bb3 Bc5 7. c3 d6 8. d4 Bb6 9. Bg5 h6 10. Bxf6 Qxf6 11. a4 Rb8 12. d5 Ne7 13. Nbd2 Ng6 14. Re1 O-O 15. Nf1 Nf4 16. Ne3 Qg6 17. Nh4 Qg5 18. Nf3 Qe7 19. g3 Nh3+ 20. Kg2 f5 21. exf5 Bxe3 22. Rxe3 Rxf5 23. Bc2 Rf6 24. Qd3 Bf5 25. Qd2 Bg4 26. Be4 Rbf8 27. Rf1 Qf7 28. Qd3 Kh8 29. Qe2 Ng5 30. Nxg5 1-0

[Event "Early-Titled-Tuesday-Blitz-February-13-2024"]
[Site "Chess.com"]
[Date "2024.02.13"]
[Round "3"]
[White "giovannibrandao7"]
[Black "Real_taiatai"]
[Result "1-0"]
[WhiteElo "2240"]
[BlackElo "2429"]
[TimeControl "180+1"]
[EndTime "8:31:45 PST"]
[Termination "giovannibrandao7 won by checkmate"]

1. e4 e6 2. d4 d5 3. Nd2 dxe4 4. Nxe4 Bd7 5. Nf3 c6 6. Bd3 Be7 7. O-O Nf6 8. Bf4 Bc8 9. c3 Nxe4 10. Bxe4 Nd7 11.
Re1 Nf6 12. Bc2 O-O 13. Qd3 Re8 14. Bg5 g6 15. Ne5 Nd7 16. Bxe7 Nxe5 17. Rxe5 Rxe7 18.
h4 Rd7 19. h5 Rd5 20. Rae1 Bd7 21. hxg6 hxg6 22. Rxd5 exd5 23. Qe3 Qf6 24. Qe7 Qxe7 25. Rxe7 Rd8 26. f4 Kf8 27. Re3 Re8 28. Kf2 Rxe3 29. Kxe3 Ke7 30. Kf3 Be8 31. f5 g5 32.
g4 b6 33. Bd3 Kd6 34. b4 a5 35.
a3 c5 36. dxc5+ bxc5 37. bxa5 Bc6 38. Ke3 Ke5 39. a6 Ba8 40. a7 Bc6 41. Bb5 Ba8 42. Be8 d4+ 43. cxd4+ cxd4+ 44. Kd3 Be4+ 45. Kc4 d3 46.
Kc3 Kf4 47. Bxf7 Ke3 48. Bb3 d2 49. f6 Ke2 50. f7 Bd5 51. f8=Q Bxb3 52. Qe7+ Kf2 53.
Kxd2 Bd5 54. Qf6+ Kg3 55. Qxg5 Bf3 56. Qe5+ Kxg4 57. Ke3 Bb7 58. Qf4+ Kh5 59. Kd4 Kg6 60. Ke5 Ba8 61. Qg4+ Kf7 62. Qf5+ Ke8 63. Kd6 Kd8 64.
Qf8# 1-0

[Event "Early-Titled-Tuesday-Blitz-February-13-2024"]
[Site "Chess.com"]
[Date "2024.02.13"]
[Round "3"]
[White "BlueWizzard"]
[Black "DishonorOnYourCow"]
[Result "1-0"]
[WhiteElo "2875"]
[BlackElo "2588"]
[TimeControl "180+1"]
[EndTime "8:31:46 PST"]
[Termination "BlueWizzard won on time"]

1. d4 Nf6 2. Nc3 d5 3. Nf3 g6 4.
Bf4 Bg7 5. g3 O-O 6. Bg2 c5 7. O-O cxd4 8. Nxd4 Nc6 9. Nxc6 bxc6 10. Be5 Bf5 11. Na4 Nd7 12. Bxg7 Kxg7 13. c4 Nf6 14. Qd4 Qa5 15. Nc3 Rad8 16. cxd5 cxd5 17. Rfc1 Kg8 18. b4 Qa6 19. b5 Qd6 20. Qxa7 d4 21. Na4 Qa3 22. b6 Qb4 23. Nc5 Rb8 24. b7 Ng4 25. Na6 Qa3 26. Qxb8 Rxb8 27. Nxb8 d3 28. Nc6 d2 29. b8=Q+ Kg7 30. Rd1 Qc5 31. e3 Nxe3 32. Qe5+ Qxe5 33. Nxe5 Nxd1 34. Rxd1 1-0

[Event "Early-Titled-Tuesday-Blitz-February-13-2024"]
[Site "Chess.com"]
[Date "2024.02.13"]
[Round "3"]
[White "Flaccidmoves"]
[Black "Fh2411"]
[Result "0-1"]
[WhiteElo "2437"]
[BlackElo "2628"]
[TimeControl "180+1"]
[EndTime "8:31:47 PST"]
[Termination "Fh2411 won by resignation"]

1. d4 Nf6 2. c4 c6 3. Nf3 d5 4. Nbd2 h6 5. Qc2 Bg4 6. Ne5 Be6 7. e3 dxc4 8. Ndxc4 Nbd7 9. Bd3 Bxc4 10. Bxc4 e6 11. O-O Bd6 12. f4 O-O 13. Bd2 Qe7 14.
Rac1 c5 15. Nxd7 Nxd7 16. dxc5 Bxc5 17. Kh1 Rfc8 18. Qe4 Nf6 19. Qf3 Bb4 20. Bxb4 Qxb4 21. Bb3 a5 22. Qe2 a4 23. Bc2 g6 24. Bd3 Kg7 25. a3 Qd6 26. e4 Rxc1 27. Rxc1 Qxf4 28. Rf1 Qe5 29. Rc1 Rd8 30. Bc2 h5 31. Bxa4 Ng4 32. g3 Qa5 33. Bb3 Rd2 34. Qf3 Rxh2+ 35.
Kg1 Qb6+ 36. Kf1 Rf2+ 0-1

[Event "Early-Titled-Tuesday-Blitz-February-13-2024"]
[Site "Chess.com"]
[Date "2024.02.13"]
[Round "3"]
[White "Andrej2004"]
[Black "margarita_2703"]
[Result "1-0"]
[WhiteElo "2602"]
[BlackElo "2357"]
[TimeControl "180+1"]
[EndTime "8:31:47 PST"]
[Termination "Andrej2004 won by checkmate"]

1. Nf3 d5 2. b3 Bg4 3. Bb2 Nd7 4. c4 c6 5. g3 Ngf6 6. Bg2 e6 7. O-O Bd6 8. d3 Bxf3 9. exf3 O-O 10. f4 Qc7 11. d4 Rfd8 12. Nc3 Bb4 13. Qd3 a6 14. a3 Bxc3 15.
Bxc3 b5 16. c5 Nf8 17. b4 g6 18. Bf3 h5 19. h4 Ng4 20. a4 Nh7 21. Ra2 Nhf6 22.
Rfa1 Rab8 23. Bd2 Qd7 24. axb5 axb5 25. Ra6 Rbc8 26. f5 exf5 27. Bf4 Ne4 28. Bxg4 fxg4 29. Ra7 Qf5 30. Qe3 Re8 31. Qb3 f6 32. Rb7 Ra8 33.
Ra3 Rxa3 34. Qxa3 g5 35. Qa7 gxf4 36. Rg7+ Kf8 37. Qf7# 1-0

[Event "Early-Titled-Tuesday-Blitz-February-13-2024"]
[Site "Chess.com"]
[Date "2024.02.13"]
[Round "3"]
[White "Road2GM3000"]
[Black "Agoking701"]
[Result "1/2-1/2"]
[WhiteElo "2472"]
[BlackElo "2642"]
[TimeControl "180+1"]
[EndTime "8:31:48 PST"]
[Termination "Game drawn by repetition"]

1. d4 Nf6 2. c4 e6 3. Nc3 d5 4. cxd5 Nxd5 5. Nf3 c5 6. g3 Nc6 7. Nxd5 Qxd5 8. dxc5 Qxd1+ 9. Kxd1 Bxc5 10. e3 e5 11.
Bg2 Be6 12. Bd2 Ke7 13. Ng5 Bg4+ 14. Ke1 Nb4 15. Kf1 Nd3 16. h3 Bh5 17. Bc3 f6 18. Ne4 Bb6 19. g4 Bf7 20. Nd2 Rhd8 21. Bxb7 Rab8 22. Be4 Nxb2 23. Bxb2 Rxd2 24. Ba3+ Ke8 25.
Kg2 Bxe3 26. Bc6+ Kd8 27. Rhd1 Kc7 28. Rxd2 Bxd2 29. Be4 g6 30. Rd1 Bb4 31. Rc1+ Kd7 32. Rd1+ Kc7 33. Rc1+ Kd7 34. Rd1+ Kc7 1/2-1/2